 Dungeon Crawl Stone Soup version 0.27-a0-148-g9515ab555c (webtiles) character file.

Game seed: 3158838426771990254

80 dickylongcocking the Grave Robber (level 4, -2/35 HPs)
             Began as a Palentonga Necromancer on Jan 26, 2021.
             Slain by a gnoll
             ... wielding a +0 whip
              (4 damage)
             ... on level 2 of the Dungeon.
             The game lasted 00:02:19 (2587 turns).

dickylongcocking the Grave Robber (PaNe)            Turns: 2587, Time: 00:02:19

Health: -2/35      AC:  5    Str: 11    XL:     4   Next: 18%
Magic:  0/8        EV:  4    Int: 16    God:
Gold:   132        SH:  0    Dex: 11    Spells: 8/9 levels left

rFire    . . .     SeeInvis +   d - +2 short sword (speed)
rCold    + . .     Faith    .   (no shield)
rNeg     . . .     Spirit   +   o - +0 ring mail
rPois    +         Reflect  .   (no helmet)
rElec    .         Harm     .   (no cloak)
rCorr    .         Rampage  .   (no gloves)
Will     .....                  (no barding)
Stlth    +.........             g - amulet of guardian spirit
HPRegen  0.11/turn              b - ring of protection from cold
MPRegen  0.11/turn              l - ring of poison resistance

@: mighty, held
A: large, rugged brown scales 3, see invisible, deformed body, roll 1, armoured
tail
a: Rolling Charge


You were on level 2 of the Dungeon.
You visited 1 branch of the dungeon, and saw 2 of its levels.

You collected 132 gold pieces.

Inventory:

Hand Weapons
 c - a +0 dagger
 d - a +2 short sword of speed (weapon)
 m - a +0 whip
Armour
 a - a +0 robe
 o - a +0 ring mail (worn)
Jewellery
 b - a ring of protection from cold (left hand)
 g - an amulet of guardian spirit (around neck)
 l - a ring of poison resistance (right hand)
 p - a +6 ring of strength {unknown}
Scrolls
 e - 3 scrolls of teleportation {unknown}
 f - 2 scrolls of identify {unknown}
 k - a scroll of enchant weapon {unknown}
 n - a scroll of remove curse {unknown}
Potions
 h - 2 potions of curing {unknown}


   Skills:
 - Level 1.7 Dodging
 - Level 1.2 Stealth
 * Level 3.1 Spellcasting
 * Level 5.0 Necromancy


You had 8 spell levels left.
You knew the following spells:

 Your Spells              Type           Power        Failure   Level
a - Pain                  Necr           72%          6%          1

Your spell library contained the following spells:

 Spells                   Type           Power        Failure   Level
 Animate Skeleton         Necr           36%          6%          1
 Vampiric Draining        Necr           9%           17%         3
 Animate Dead             Necr           9%           50%         4
 Agony                    Necr           18%          85%         5


Dungeon Overview and Level Annotations

Branches:
Dungeon (2/15)

Altars:
Qazlal


Innate Abilities, Weirdness & Mutations

You are completely covered in rugged brown scales. (AC +3, +7% HP)
You have supernaturally acute eyesight. (SInv)
Armour fits poorly on your strangely shaped body.
You can roll at nearby foes to attack.
You have a long armoured tail.


Message History

Casting: Pain (safe; 6% risk of failure)
Confirm with . or Enter, or press ? or * to list all spells.
Aiming: Pain (safe; 6% risk of failure)
Press: ? - help, Shift-Dir - straight line, f/p - gnoll
Aim: a gnoll, wielding a +0 flail (lightly wounded, chance to affect: 84%)
The gnoll writhes in agony.
The gnoll hits you with a +0 flail!
Unknown command.
Unknown command.
It was a potion of cancellation.
You feel magically purged.
Your magical contamination has completely faded away.
The gnoll hits you with a +0 flail!
* * * LOW HITPOINT WARNING * * *
The gnoll hits you with a +0 whip.
* * * LOW HITPOINT WARNING * * *
Unknown command.
Unknown command.
It was a potion of might.
You feel very mighty all of a sudden. The gnoll hits you with a +0 whip.
You die...

#.# #..# #.#
#..# #.#
######..# #.#
#.......# #.#
#.#####.# #.#
#.# #.# #.##
#.# #..#
####@#
###.##.###
#).gg#
...........
#..#..#
..##.##.###
#.###.# #.##.#
#. ..#
#.##.##.##.# #
...##
#.##.##.##.#
#.#
#.##.##.##.###
#.#
#..........<..
#.#
#..#.##.##....


You could see 2 gnolls.

Vanquished Creatures
  A gnoll (D:2)
  2 adders (D:2)
  2 oozes (D:1)
  A dart slug (D:1)
  4 leopard geckos (D:1)
  6 goblins
  4 hobgoblins
  2 jackals (D:1)
  7 bats
  A frilled lizard (D:1)
  3 kobolds
  7 rats
40 creatures vanquished.

Vanquished Creatures (others)
  3 plants (D:1)
3 creatures vanquished.

Grand Total: 43 creatures vanquished

Notes
Turn   | Place    | Note
-------+----------+-------------------------------------------
     0 | D:1      | dickylongcocking the Palentonga Necromancer began the quest
                  | for the Orb.
     0 | D:1      | Reached XP level 1. HP: 14/14 MP: 3/3
   525 | D:1      | Reached XP level 2. HP: 15/21 MP: 0/5
  1305 | D:1      | Reached XP level 3. HP: 25/27 MP: 3/6
  2360 | D:2      | Found a stormy altar of Qazlal.
  2360 | D:2      | Found a faded altar of an unknown god.
  2367 | D:2      | Reached XP level 4. HP: 33/35 MP: 5/8
  2579 | D:2      | Reached skill level 5 in Necromancy
  2587 | D:2      | Slain by a gnoll

Illustrated notes

Levels and vault maps discovered:
D:1:      lemuel_arrival_broad_hall, layout_basic, serial_bayou,
          serial_bayou_pond_e, serial_bayou_pond_d, serial_bayou_pond_e,
          serial_bayou_pond_e
D:2:      layout_loops_ring, general_overflow_altar,
          chequers_ecumenical_altar_simple_redux

Skill      XL: |  1  2  3  4 |
---------------+-------------+-----
Spellcasting   | 3 |  3.1
Necromancy     | 5 |  5.0
Dodging        | |  1.7
Stealth        | |  1.2

Action                   |  1- 3 |  4- 6 || total
-------------------------+-------+-------++-------
Melee: Unarmed           |     3 |       ||     3
       Short sword       |     8 |     1 ||     9
       Dagger            |     4 |       ||     4
       Tailslap          |     1 |     1 ||     2
 Cast: Pain              |    66 |     5 ||    71
 Abil: Rolling Charge    |    10 |     1 ||    11
  Use: Potion            |       |     2 ||     2
 Stab: Sleeping          |     2 |       ||     2
Armor: Robe              |    14 |       ||    14
Dodge: Dodged            |    21 |     3 ||    24

Table legend: (Time is in decaauts)
 A = Elapsed time spent in this place.
 B = Non-inter-level travel time spent in this place.
 C = Inter-level travel time spent in this place.
 D = Time resting spent in this place.
 E = Time spent auto-exploring this place.
 F = Levels seen in this place.
 G = Mean time per level.
                   A        B        C        D        E       F      G
               +--------+--------+--------+--------+--------+-----+--------+
         Total |   2587 |   2572 |     15 |    392 |   1839 |   2 | 1293.5 |
       Dungeon |   2587 |   2572 |     15 |    392 |   1839 |   2 | 1293.5 |
               +--------+--------+--------+--------+--------+-----+--------+

Top non-repeatable levels by time:
     D:1: 1879 daAuts
     D:2: 708 daAuts
